Map: Thunderbird LE

Players

Mesrob

  • Race: Terran Terran
  • League: Platinum
  • Spawn Location: 5:00

Andrizzle - Winner!

  • Race: Terran Terran
  • League: Platinum
  • Spawn Location: 11:00

VOD

Have the link to the VOD?

Description

Time

  • Played on: July 11, 2019, 9:20 p.m.
  • Length: 15:09
Show
View Real Time Build Order
Export as new Build Order

Mesrob Terran 

Build Orders: 2 Factory 

Get SALT Encoding   

  12  0:01  SCV  
  13  0:16  SCV  
  13  0:21  Supply Depot  
  14  0:28  SCV  
  15  0:42  SCV  
  16  0:44  Barracks  
  16  0:56  SCV  
  17  0:58  Refinery  
  17  1:08  SCV  
  18  1:20  SCV  
  19  1:32  SCV  
  20  1:46  Supply Depot  
  20  1:51  Orbital Command  
  20  1:54  Command Center  
  20  2:04  Reaper  
  21  2:22  SCV  
  22  2:42  Factory  
  22  2:46  Refinery  
  22  2:47  Barracks Tech Lab  
  22  2:53  SCV  
  23  3:04  Supply Depot  
  23  3:06  SCV  
  23  3:08  Orbital Command  
  24  3:14  Engineering Bay  
  24  3:18  SCV  
  25  3:26  Factory  
  25  3:27  Supply Depot  
  25  3:37  Cyclone  
  28  3:45  SCV  
  28  3:47  SCV  
  30  3:58  SCV  
  30  3:59  SCV  
  32  4:09  Cyclone  
  35  4:10  SCV  
  35  4:11  Factory Reactor  
  35  4:12  SCV  
  37  4:18  Refinery  
  37  4:21  Refinery  
  37  4:22  SCV  
  37  4:24  SCV  
  39  4:26  Factory  
  39  4:34  SCV  
  39  4:36  SCV  
  41  4:40  Command Center  
  41  4:46  SCV  
  41  4:47  Armory  
  41  4:50  Missile Turret  
  42  4:55  SCV  
  42  4:58  SCV  
  46  5:07  Hellion x2  
  46  5:08  SCV, Cyclone  
  46  5:10  SCV  
  53  5:18  Missile Turret  
  53  5:20  SCV  
  54  5:22  SCV  
  54  5:23  Factory Tech Lab  
  55  5:30  Factory x2  
  55  5:37  Armory  
  55  5:41  Supply Depot, SCV x2  
  57  5:43  Cyclone  
  57  5:45  Hellion  
  57  5:47  Terran Vehicle Weapons Level 1  
  62  5:52  Hellion  
  64  5:57  Supply Depot  
  64  6:04  Supply Depot  
  64  6:11  Cyclone  
  64  6:14  Hellion  
  64  6:15  Cyclone  
  64  6:18  Hellion  
  74  6:20  Supply Depot  
  74  6:24  Planetary Fortress  
  74  6:28  Supply Depot, SCV x2  
  76  6:40  SCV x2  
  76  6:43  Factory Tech Lab, Factory Reactor  
  78  6:50  Supply Depot  
  78  6:56  Terran Vehicle And Ship Armor Level 1  
  78  6:58  SCV  
  78  6:59  SCV  
  80  7:02  Missile Turret  
  80  7:10  SCV  
  80  7:13  Supply Depot  
  81  7:22  Command Center, Cyclone x2  
  87  7:23  Hellion  
  87  7:24  Hellion, SCV x3  
  94  7:36  SCV x3  
  87  7:38  Supply Depot  
  78  7:49  SCV x2  
  80  7:52  Refinery  
  80  7:55  Refinery, SCV  
  81  8:01  Supply Depot, SCV  
  70  8:26  Supply Depot  
  70  8:40  Cyclone  
  70  8:41  Refinery, Cyclone x2  
  79  8:43  Hellion x4  
  87  8:49  Supply Depot  
  87  8:50  Factory x2  
  87  8:52  Factory  
  87  9:06  Factory  
  87  9:07  Refinery  
  87  9:12  Supply Depot  
  87  9:15  Planetary Fortress  
  87  9:17  SCV  
  87  9:18  SCV x2  
  90  9:25  Cyclone x2  
  90  9:26  Cyclone  
  90  9:28  Hellion x4  
  90  9:29  SCV  
  90  9:30  SCV x2  
  110  9:35  Factory  
  110  9:37  Factory, Supply Depot  
  110  9:41  Factory Tech Lab, Factory Reactor, SCV  
  110  9:42  Factory Tech Lab, SCV  
  110  9:43  SCV  
  113  9:49  Hellion x4  
  121  9:53  SCV  
  121  9:57  Cyclone x2  
  121  9:58  Cyclone  
  121  9:59  SCV x2  
  133  10:05  Supply Depot  
  133  10:07  Infernal Pre-Igniter  
  133  10:09  Mag-Field Accelerator  
  133  10:10  Smart Servos  
  133  10:14  Factory Tech Lab  
  133  10:16  Cyclone  
  133  10:18  Cyclone  
  133  10:20  Command Center  
  139  10:21  Factory Tech Lab  
  139  10:29  Cyclone  
  139  10:33  Supply Depot  
  142  10:38  Cyclone  
  142  10:39  Cyclone  
  142  10:40  Hellion  
  142  10:41  Hellion x3  
  142  10:42  Hellion x2  
  160  10:56  Supply Depot  
  160  11:00  Factory Tech Lab  
  160  11:02  Cyclone x2  
  160  11:03  Cyclone x3  
  175  11:06  Hellion x3  
  175  11:07  Hellion x3  
  181  11:20  Terran Vehicle Weapons Level 2, Terran Vehicle And Ship Armor Level 2  
  144  11:50  Refinery x2  
  140  12:02  Cyclone x3  
  140  12:03  Cyclone x3  
  140  12:04  Cyclone  
  140  12:05  Cyclone  
  140  12:06  Hellion x2  
  140  12:07  Hellion x4  
  162  12:28  Hellion x6  
  169  12:34  Cyclone x3  
  169  12:35  Cyclone x2  
  182  12:49  Cyclone x3  
  191  12:51  Hellion  
  191  12:52  Hellion x3  
  199  13:08  Planetary Fortress  
  199  13:25  Command Center  
  187  13:37  Cyclone x3  
  187  13:38  Cyclone x2  
  187  13:39  Hellion  
  187  13:40  Hellion  
Show
View Real Time Build Order
Export as new Build Order

Andrizzle Terran - Winner!

Build Orders:  

Get SALT Encoding   

  12  0:01  SCV  
  13  0:13  SCV  
  14  0:25  SCV  
  15  0:39  Supply Depot  
  15  1:01  SCV  
  16  1:06  Barracks  
  16  1:13  SCV  
  16  1:14  Refinery  
  17  1:25  SCV  
  18  1:39  SCV  
  19  1:51  SCV  
  20  2:03  SCV  
  21  2:10  Barracks  
  21  2:16  SCV  
  21  2:21  Supply Depot  
  22  2:28  SCV  
  23  2:34  Factory  
  23  2:43  SCV  
  24  2:44  Command Center  
  24  2:50  Refinery  
  24  2:55  SCV  
  25  3:01  Barracks Tech Lab  
  25  3:07  SCV  
  26  3:12  Barracks Tech Lab  
  26  3:20  Bunker  
  26  3:29  Marine  
  26  3:32  Factory Tech Lab  
  27  3:47  Marine  
  27  3:48  Engineering Bay  
  28  4:16  Marine  
  29  4:21  Barracks  
  29  4:24  Marauder  
  29  4:30  Siege Tank  
  34  4:34  Marine  
  34  4:46  Marauder  
  34  4:52  Marine  
  37  5:04  Combat Shield  
  37  5:07  Marauder  
  37  5:10  Marine  
  40  5:17  Stimpack  
  40  5:28  Marine  
  41  5:29  Marauder  
  43  5:37  Terran Infantry Weapons Level 1  
  44  5:42  SCV  
  44  5:49  Marine  
  44  5:55  SCV  
  46  6:09  Starport  
  46  6:45  Supply Depot  
  46  6:48  Missile Turret  
  46  6:56  Supply Depot  
  46  7:06  Marine  
  46  7:07  Siege Tank, SCV x2  
  52  7:10  Missile Turret  
  52  7:19  SCV x2  
  54  7:26  Supply Depot  
  54  7:31  SCV x2  
  52  7:43  SCV  
  45  7:55  SCV  
  43  8:07  SCV  
  43  8:19  SCV  
  44  8:21  SCV  
  45  8:31  SCV  
  45  8:33  SCV  
  47  8:34  Command Center  
  47  8:39  Starport Tech Lab, Refinery  
  47  8:41  Refinery  
  47  8:44  SCV  
  48  8:51  Marine  
  48  8:52  Marine  
  50  8:56  Marauder  
  52  9:09  Marine  
  53  9:10  Marine  
  53  9:11  Siege Tank  
  57  9:18  Marauder  
  59  9:27  Marine  
  59  9:28  Marine  
  61  9:39  Marauder  
  61  9:43  Siege Tank  
  66  9:53  Terran Infantry Armor Level 1  
  66  9:54  Armory  
  66  10:00  Marauder  
  66  10:01  Planetary Fortress  
  66  10:04  Orbital Command  
  68  10:15  Siege Tank  
  71  10:48  Siege Tank  
  71  10:49  Terran Vehicle Weapons Level 1  
  74  10:53  Armory  
  74  11:10  SCV  
  75  11:12  Marine  
  75  11:13  Marine x2  
  58  11:30  Marine x2  
  58  11:31  Marine  
  44  11:48  Marine x3  
  30  12:02  Thor  
  30  12:06  Marine  
  37  12:12  Factory  
  37  12:17  Terran Infantry Weapons Level 2  
  29  12:44  Thor  
  35  12:54  Marine  
  35  12:56  Marine  
  35  12:57  Marine  
  38  13:09  Supply Depot  
  38  13:12  Marine  
  39  13:13  Supply Depot x2  
  39  13:15  Supply Depot  
  39  13:21  Factory Reactor  
  39  13:30  Marine x3  
  27  13:48  Marine x3  
  17  14:06  Marine x2  
  19  14:24  Marine x2  
Tags
 
Matchup
TvT
Opening
2 Factory
Race
Terran
Replay Pack
sc2 replays
Spawn Locations
Cross Positions
Add a new tag
Caveats
  • Supply blocks, unpowered buildings, or Contaminate may cause inaccurate times.
  • Supply counts are checked every 10 seconds.